 Dungeon Crawl Stone Soup version 0.21-a0-265-gb353147 (console) character file.

123 removed the Conjurer (level 4, -9/33 HPs)
             Began as a Demigod Venom Mage on Sept 10, 2017.
             Killed from afar by Ijyb (23 damage)
             ... with a wand of lightning (?/15)
             ... on level 3 of the Dungeon.
             The game lasted 00:04:03 (3047 turns).

removed the Conjurer (Demigod Venom Mage)           Turns: 3047, Time: 00:04:04

Health: -9/33      AC:  3    Str: 11    XL:     4   Next: 51%
Magic:  2/9        EV: 12    Int: 21    God:
Gold:   123        SH:  0    Dex: 16    Spells: 5/6 levels left

rFire    . . .     SeeInvis .   a - +2 short sword (speed)
rCold    . . .     Gourm    .   (no shield)
rNeg     . . .     Faith    .   d - +0 robe
rPois    .         Spirit   .   (no helmet)
rElec    .         Reflect  .   (no cloak)
rCorr    .         Harm     .   (no gloves)
MR       .....                  g - +0 pair of boots (curse)
Stlth    ++........             q - amulet of rage
HPRegen  0.11/turn              (no ring)
MPRegen  0.11/turn              (no ring)

@: no status effects
A: high mp 1
a: Evoke Berserk Rage


You were on level 3 of the Dungeon.
You were not hungry.

You visited 1 branch of the dungeon, and saw 3 of its levels.

You collected 123 gold pieces.

Inventory:

Hand Weapons
 a - a +2 short sword of speed (weapon)
 k - a +0 spear
Armour
 d - a +0 robe (worn)
 g - a cursed +0 pair of boots (worn)
Jewellery
 h - an uncursed amulet of the gourmand
 q - an amulet of rage (around neck)
Scrolls
 e - 3 scrolls of noise {unknown}
 i - a scroll of recharging {unknown}
 m - 3 scrolls of identify {unknown}
 o - a scroll of fear {unknown}
 r - 2 scrolls of enchant armour {unknown}
 t - a scroll of enchant weapon {unknown}
 u - a scroll of teleportation {unknown}
 w - a scroll of remove curse {unknown}
Potions
 l - a potion of brilliance {unknown}
 n - a potion of might {unknown}
Books
 b - a Young Poisoner's Handbook

   Spells                             Type                      Level
   a - Sting                          Conjuration/Poison           1
   b - Poisonous Vapours              Poison/Air                   2
   c - Mephitic Cloud                 Conjuration/Poison/Air       3
   d - Olgreb's Toxic Radiance        Poison                       4
   e - Venom Bolt                     Conjuration/Poison           5
Comestibles
 c - 5 bread rations
 j - 2 meat rations
 s - 4 chunks of flesh
 v - a royal jelly


   Skills:
 - Level 1.7 Dodging
 - Level 1.7 Stealth
 - Level 1.7 Spellcasting
 + Level 3.6 Conjurations
 + Level 3.5 Poison Magic


You had 5 spell levels left.
You knew the following spells:

 Your Spells              Type           Power        Failure   Level  Hunger
a - Sting                 Conj/Pois      ###.         3%          1    #......


Dungeon Overview and Level Annotations

Branches:
Dungeon (3/15)

Annotations:
D:3 1 transporter, Ijyb


Innate Abilities, Weirdness & Mutations

You have an increased reservoir of magic. (+10% MP)


Message History

Ijyb is heavily wounded.
Casting: Sting
Confirm with . or Enter, or press ? or * to list all spells.
Aiming: Sting
Press: ? - help, Shift-Dir - straight line, f/p - Ijyb
Aim: Ijyb, wearing a leather armour and carrying a wand of lightning (?/15) {zapped: 2} (heavily wounded, fast, poisoned)
The sting hits Ijyb.
Ijyb is heavily wounded.
Ijyb barely misses you.
Casting: Sting
Confirm with . or Enter, or press ? or * to list all spells.
Aiming: Sting
Press: ? - help, Shift-Dir - straight line, f/p - Ijyb
Aim: Ijyb, wearing a leather armour and carrying a wand of lightning (?/15) {zapped: 2} (heavily wounded, fast, poisoned)
The sting misses Ijyb.
Ijyb hits you.
Ijyb zaps a wand.
The bolt of lightning hits you!
Ouch! That really hurt!
The bolt of lightning hits you!
Ouch! That really hurt!
You die...

#.# #.#......#
#.###.###..###
#...#......#
########.#####.####
#............#....#
#....###.###.####.#
#....# #.# #.#..#.#
#....# #.. #.#..#.#
#....###...#..g@..#
#............#######
###.#####.......g...#
............#.#####.#
.##....#†.#.#..
.#####.#.#.....
...........###.#
...##.##.#.# .#
.#.#.....# ###.#


You could see Ijyb.

Vanquished Creatures
  4 adders
  3 worms
  2 dart slugs
  5 leopard geckos
  An orc (D:3)
  5 bats
  3 giant cockroaches
  4 goblins
  6 hobgoblins
  13 jackals
  A quokka (D:3)
  5 frilled lizards
  7 kobolds
  7 rats
66 creatures vanquished.

Notes
Turn   | Place    | Note
-------+----------+-------------------------------------------
     0 | D:1      | removed the Demigod Venom Mage began the quest for the Orb.
     0 | D:1      | Reached XP level 1. HP: 14/14 MP: 5/5
    45 | D:1      | Reached skill level 1 in Conjurations
   307 | D:1      | Reached XP level 2. HP: 20/20 MP: 4/7
  1125 | D:2      | Reached XP level 3. HP: 26/26 MP: 0/8
  1909 | D:2      | Reached XP level 4. HP: 28/33 MP: 4/9
  2811 | D:3      | Found a sparkling altar of Nemelex Xobeh.
  2811 | D:3      | Found a transporter.
  2812 | D:3      | Noticed a two-headed ogre
  3036 | D:3      | Noticed Ijyb
  3047 | D:3      | Killed from afar by Ijyb

Vault maps used:
D:1:      lemuel_arrival_muddy, st_stairs_13
D:2:      columned_hall_lemuel
D:3:      grunt_nemelex_the_gamble, uniq_ijyb, uniq_terence

Skill      XL: |  1  2  3 |
---------------+----------+-----
Conjurations   | 2 3 |  3.6
Poison Magic   | 3 |  3.5
Dodging        | |  1.7
Stealth        | |  1.7
Spellcasting   | |  1.7

Action                   |  1- 3 |  4- 6 || total
-------------------------+-------+-------++-------
Melee: Short sword       |    12 |       ||    12
       Spear             |     3 |       ||     3
 Cast: Sting             |    99 |    62 ||   161
  Eat: Chunk             |    15 |       ||    15
Armor: Robe              |     9 |     3 ||    12
Dodge: Dodged            |    12 |     8 ||    20

Table legend:
 A = Spawn XP
 B = Non-spawn XP
 C = Spawn XP percentage of total XP
 D = Spawn monster count
 E = Non-spawn monster count
 F = Spawn count percentage of total count
 G = Total turns spent on level
                    A         B        C        D         E        F      G
               +---------+---------+-------+---------+---------+-------+---------
         Total |       0 |     176 |   0.0 |       0 |      66 |   0.0 |  3047
               +---------+---------+-------+---------+---------+-------+---------
           D:1 |       0 |      41 |   0.0 |       0 |      22 |   0.0 |   983
           D:2 |       0 |      78 |   0.0 |       0 |      25 |   0.0 |  1174
           D:3 |       0 |      57 |   0.0 |       0 |      19 |   0.0 |   890
               +---------+---------+-------+---------+---------+-------+---------
